 Dungeon Crawl Stone Soup version 0.25-a0-474-ga8a2ee3 (webtiles) character file.

Game seed: 754333902467767743, levelgen mode: deterministic

19722 15 the Grappler (level 12, -6/116 HPs)
             Began as a Black Draconian Transmuter on Feb 7, 2020.
             Was a Believer of Qazlal.
             Mangled by Snorg (10 damage)
             ... on level 10 of the Dungeon on Feb 8, 2020.
             The game lasted 01:12:39 (14630 turns).

15 the Grappler (Black Draconian Transmuter)       Turns: 14630, Time: 01:12:39

Health: -6/116     AC:  7    Str: 16    XL:     12   Next: 39%
Magic:  21/21      EV: 12    Int: 18    God:    Qazlal [**....]
Gold:   724        SH:  3    Dex: 12    Spells: 0/24 levels left

rFire    . . .     SeeInvis .     - Unarmed
rCold    + + +     Gourm    .   (shield currently unavailable)
rNeg     . . .     Faith    .   (armour unavailable)
rPois    +         Spirit   .   (helmet currently unavailable)
rElec    .         Reflect  .   (cloak currently unavailable)
rCorr    .         Harm     .   (gloves currently unavailable)
MR       .....                  (boots currently unavailable)
Stlth    +.........             Q - amulet of regeneration
HPRegen  0.69/turn              r - ring of protection from fire
MPRegen  0.17/turn              x - +3 ring of intelligence

@: ice-form (expiring), studying Translocations
A: large, (breathe lightning), unfitting armour, AC +8
a: End Transformation, Upheaval, Renounce Religion


You were on level 10 of the Dungeon.
You worshipped Qazlal.
Qazlal was pleased with you.
You were not hungry.
You were a creature of crystalline ice.
You visited 2 branches of the dungeon, and saw 13 of its levels.
You also visited: Ice Cave.

You collected 976 gold pieces.
You spent 252 gold pieces at shops.

Inventory:

Hand Weapons
 v - a +4 broad axe of flaming
 D - a +2 scimitar of flaming
 G - a +1 flail of protection
 H - the +9 rapier of Joyful Slaughter {venom, rElec MR+}
   (You took it off a necromancer in an ice cave)

   It poisons the flesh of those it strikes.
   It insulates you from electricity.
   It affects your resistance to hostile enchantments.
 L - a +2 trident of protection
 M - a +2 halberd of flaming
 R - the +1 war axe of Evolution (melded) {vorpal, +Blink Int+3 Dex+5}
   (You took it off a centaur warrior on level 9 of the Dungeon)

   It inflicts extra damage upon your enemies.
   It affects your intelligence (+3).
   It affects your dexterity (+5).
   It lets you blink.
Missiles
 a - 142 arrows
 l - 63 bolts
 w - 15 boomerangs (quivered)
 F - 3 boomerangs of dispersal
Armour
 e - a +0 pair of gloves (melded)
 A - a scarf of resistance (melded)
 K - a +2 buckler of protection (melded)
Magical Staves
 y - an uncursed staff of fire
 S - an uncursed staff of air
Jewellery
 j - an uncursed ring of poison resistance
 r - a ring of protection from fire (left front paw)
 t - an uncursed ring of positive energy
 x - a +3 ring of intelligence (right front paw)
 Q - an amulet of regeneration (around neck)
Wands
 u - a wand of digging (1)
 z - a wand of random effects (5)
 B - a wand of enslavement (5)
Scrolls
 b - 3 scrolls of holy word
 f - 2 scrolls of magic mapping
 i - 6 scrolls of identify
 k - 2 scrolls of enchant weapon
 m - 4 scrolls of remove curse
 p - 3 scrolls of amnesia
 q - a scroll of teleportation
 s - a scroll of fog
 C - a scroll of vulnerability
Potions
 g - a potion of curing
 h - 3 potions of lignification
 n - a potion of mutation
 o - 6 potions of flight
 I - a potion of cancellation
Books
 E - a manual of Translocations
Comestibles
 c - 14 rations
 d - 4 chunks of flesh


   Skills:
 + Level 6.5 Fighting
 - Level 0.9(1.2) Short Blades
 - Level 1.2(1.4) Long Blades
 + Level 6.0 Throwing
 + Level 6.1 Dodging
 - Level 2.0 Stealth
 - Level 1.5 Shields
 + Level 11.2 Unarmed Combat
 + Level 6.5 Spellcasting
 * Level 2.0 Summonings
 + Level 5.3 Translocations
 + Level 6.8 Transmutations
 - Level 5.4 Ice Magic
 - Level 0.9 Poison Magic
 + Level 4.6 Invocations
 + Level 3.9 Evocations


You couldn't memorise any spells.
You knew the following spells:

 Your Spells              Type           Power        Failure   Level  Hunger
a - Beastly Appendage     Tmut           ####..       1%          1    None
b - Sticks to Snakes      Tmut           ####....     1%          2    None
c - Spider Form           Tmut/Pois      ###.......   7%          3    ##.....
d - Ice Form              Ice/Tmut       ####....     9%          4    ####...
e - Blade Hands           Tmut           ####......   19%         5    #####..
f - Summon Hydra          Summ           ##........   100%        7    #######
g - Sublimation of Blood  Necr           #.........   17%         2    None

Your spell library contained the following spells:

 Spells                   Type           Power        Failure   Level  Hunger
 Summon Butterflies       Summ           ##......     4%          1    None
 Call Canine Familiar     Summ           ##......     14%         3    ##.....
 Corpse Rot               Necr/Air       N/A          17%         2    None
 Summon Ice Beast         Ice/Summ       ###.....     24%         4    ####...
 Dispel Undead            Necr           #.......     75%         4    ####...
 Summon Mana Viper        Hex/Summ       #.......     91%         5    #####..
 Agony                    Necr           #.......     97%         5    #####..
 Excruciating Wounds      Chrm/Necr      #.........   97%         5    #####..


Dungeon Overview and Level Annotations

Branches:
Dungeon (12/15)            Temple (1/1) D:7            Lair (0/6) D:9
  IceCv (visited)
    Orc: D:9-12

Altars:
Ashenzari
Cheibriados
Dithmenos
Elyvilon
Fedhas
Gozag
Hepliaklqana
Kikubaaqudgha
Makhleb
Nemelex Xobeh
Okawaru
Qazlal
Ru
Sif Muna
Trog
Uskayaw
Vehumet
Wu Jian
Xom
Yredelemnul
Zin
The Shining One

Shops:
D:4 ?

Annotations:
D:10 Snorg


Innate Abilities, Weirdness & Mutations

((You can breathe wild blasts of lightning.))
((Your glossy black scales are hard. (AC +8)))
You cannot fit into any form of body armour.
((You are resistant to electric shocks. (rElec)))
((You are cold-blooded and may be slowed by cold attacks.))


Message History

You closely miss Snorg.
Snorg is heavily wounded.
Snorg barely misses you. Snorg claws you!! Snorg claws you but does no damage.
You punch Snorg! You freeze Snorg.
Snorg is heavily wounded.
Snorg bites you!! Snorg claws you!!
* * * LOW HITPOINT WARNING * * *
Snorg claws you!
* * * LOW HITPOINT WARNING * * *
Snorg misses you. Snorg claws you!
* * * LOW HITPOINT WARNING * * *
Snorg claws you.
* * * LOW HITPOINT WARNING * * *
Okay, then.
You feel better. Snorg bites you!
* * * LOW HITPOINT WARNING * * *
Snorg completely misses you. Snorg misses you.
Your transformation is almost over.
Snorg barely misses you. You block Snorg's attack. Snorg claws you!
You die...

..#####....###...#
...........# #...#
...........###...########
.......<.........[......#
........................#
........................#
...........####..######.#
...........####.☼# #.#
................Y# ####.#
######.......#..T###....#
# #.......#..°.......# #
. ##.....##.°...###..#
#.. ##. #.....#≈#..# ...
.. #...§§###..# #..# .
#...§§§....# #..#
#...§☼§§...# # ..#
#....§§§§..#


You could see Snorg (berserk).

Vanquished Creatures
  A fire dragon (D:10)
  Fannar (D:9)
  Erica (D:8)
  2 hydras
  A centaur warrior (D:9)
  An unseen horror (D:9)
  A necromancer (IceCv)
  A deep elf mage (D:9)
  An ugly thing (D:9)
  Maurice (D:12)
  3 ice statues (IceCv)
  Maggie (D:6)
  12 ice devils (IceCv)
  A hornet (D:9)
  A slime creature (shapeshifter) (D:9)
  2 hippogriffs
  2 wraiths
  A human (D:7)
  4 hogs (D:7)
  A wyvern (D:9)
  7 yaks
  A basilisk (D:12)
  Menkaure (D:4)
  A soldier ant (D:10)
  A water moccasin (D:12)
  3 orc warriors
  A hornet zombie (D:9)
  3 ice beasts
  3 phantoms (D:8)
  2 sky beasts
  2 necrophages
  4 ogres
  7 centaurs
  2 big kobolds
  7 bullfrogs
  A scorpion (D:7)
  4 howler monkeys
  A draconian simulacrum (IceCv)
  5 crimson imps
  3 bullfrog zombies
  3 centaur zombies
  A jelly (D:9)
  2 quasits
  2 hounds
  3 orc priests
  A bullfrog skeleton (D:9)
  5 centaur skeletons
  13 orc wizards
  5 iguanas
  Natasha (twice) (D:3)
  6 worker ants
  2 troll simulacra (IceCv)
  A centaur simulacrum (IceCv)
  3 hound zombies
  A worker ant zombie (D:5)
  Robin (D:4)
  A howler monkey skeleton (D:9)
  2 ogre simulacra (IceCv)
  5 adders
  4 naga simulacra (IceCv)
  A shadow imp (D:9)
  12 white imps (D:12)
  An ooze (D:9)
  An adder zombie (D:5)
  3 adder skeletons
  5 worms
  3 dart slugs
  4 leopard geckos
  41 orcs
  3 bat zombies (D:4)
  2 giant cockroaches
  13 goblins
  8 hobgoblins
  17 jackals
  3 quokkas
  A ball python (D:4)
  2 bats
  7 frilled lizards
  A jackal skeleton (D:5)
  13 kobolds
  A quokka skeleton (D:7)
  6 rats
  A rat zombie (D:4)
310 creatures vanquished.

Vanquished Creatures (collateral kills)
  2 ogres (D:4)
  A howler monkey (D:4)
  A bullfrog skeleton (D:4)
  An adder (D:4)
5 creatures vanquished.

Vanquished Creatures (others)
  An orc wizard (D:8)
1 creature vanquished.

Grand Total: 316 creatures vanquished

Notes
Turn   | Place    | Note
-------+----------+-------------------------------------------
     0 | D:1      | 15 the Draconian Transmuter began the quest for the Orb.
     0 | D:1      | Reached XP level 1. HP: 16/16 MP: 3/3
   165 | D:1      | Reached XP level 2. HP: 23/23 MP: 5/5
   908 | D:2      | Learned a level 2 spell: Sticks to Snakes
   940 | D:2      | Reached XP level 3. HP: 22/28 MP: 6/6
  1168 | D:2      | Found a glowing silver altar of Zin.
  1305 | D:2      | Learned a level 3 spell: Spider Form
  1855 | D:3      | Reached skill level 4 in Unarmed Combat
  1872 | D:3      | Reached XP level 4. HP: 34/36 MP: 7/7
  1923 | D:3      | Noticed Natasha
  1938 | D:3      | Killed Natasha
  2650 | D:3      | Noticed Natasha
  2665 | D:3      | Killed Natasha
  2665 | D:3      | Reached skill level 1 in Throwing
  2665 | D:3      | Reached XP level 5. HP: 21/41 MP: 6/8
  2908 | D:4      | Found a shadowy altar of Dithmenos.
  2908 | D:4      | Found a snail-covered altar of Cheibriados.
  2908 | D:4      | Found a hide-covered altar of Uskayaw.
  2994 | D:4      | Noticed an ogre
  3009 | D:4      | Killed an ogre
  3009 | D:4      | Reached XP level 6. HP: 50/50 MP: 2/10
  3015 | D:4      | Learned a level 4 spell: Ice Form
  3030 | D:4      | Noticed Robin
  3039 | D:4      | Killed Robin
  3070 | D:4      | Reached skill level 5 in Unarmed Combat
  3238 | D:4      | Noticed Menkaure
  3246 | D:4      | Killed Menkaure
  3616 | D:4      | Found Lafesm's Magic Scroll Emporium.
  3619 | D:4      | Bought a scroll of teleportation for 36 gold pieces
  3619 | D:4      | Bought a scroll of identify for 24 gold pieces
  3619 | D:4      | Bought a scroll of identify for 24 gold pieces
  3619 | D:4      | Bought a scroll of remove curse for 36 gold pieces
  3619 | D:4      | Bought a scroll of identify for 24 gold pieces
  3693 | D:4      | Found an ancient bone altar of Kikubaaqudgha.
  3803 | D:4      | Reached skill level 1 in Stealth
  3839 | D:4      | Your scales start taking on a glossy black colour.
  3839 | D:4      | Reached XP level 7. HP: 56/56 MP: 2/11
  3839 | D:4      | Gained mutation: You are resistant to electric shocks.
                  | (rElec) [Black Draconian growth]
  3990 | D:5      | Entered Level 5 of the Dungeon
  4547 | D:5      | Reached skill level 1 in Ice Magic
  4658 | D:5      | Found a white marble altar of Elyvilon.
  4716 | D:5      | Reached skill level 6 in Unarmed Combat
  4812 | D:4      | Bought a scroll of remove curse for 36 gold pieces
  4812 | D:4      | Bought a scroll of remove curse for 36 gold pieces
  4812 | D:4      | Bought a scroll of remove curse for 36 gold pieces
  4972 | D:5      | Found a burning altar of Makhleb.
  4974 | D:5      | Found a radiant altar of Vehumet.
  5345 | D:6      | Noticed Maggie
  5537 | D:6      | Found Zalluzul's Armour Shop.
  5738 | D:6      | Killed Maggie
  5738 | D:6      | Reached XP level 8. HP: 50/63 MP: 10/13
  6005 | D:7      | Found a staircase to the Ecumenical Temple.
  6115 | Temple   | Entered the Ecumenical Temple
  6122 | Temple   | Learned a level 5 spell: Blade Hands
  6259 | Temple   | Became a worshipper of Qazlal Stormbringer
  6320 | D:7      | Reached skill level 7 in Unarmed Combat
  6389 | D:7      | Found an opulent altar of Gozag.
  6397 | D:7      | Found a shimmering altar of Xom.
  6397 | D:7      | Found a bloodstained altar of Trog.
  6399 | D:7      | Found an ancient bone altar of Kikubaaqudgha.
  6399 | D:7      | Found a glowing golden altar of the Shining One.
  6399 | D:7      | Found a glowing silver altar of Zin.
  6563 | D:7      | Reached XP level 9. HP: 34/71 MP: 11/16
  7277 | D:7      | Reached * piety under Qazlal
  7328 | D:8      | Reached skill level 8 in Unarmed Combat
  7335 | D:8      | Reached skill level 5 in Transmutations
  7480 | D:8      | Reached skill level 5 in Spellcasting
  7591 | D:8      | Noticed Erica
  8027 | D:8      | Killed Erica
  8027 | D:8      | Reached XP level 10. HP: 40/80 MP: 15/17
  8055 | D:8      | Reached skill level 1 in Invocations
  8179 | D:8      | Reached skill level 9 in Unarmed Combat
  8408 | D:8      | Found an iron altar of Okawaru.
  8408 | D:8      | Found a sacrificial altar of Ru.
  8439 | D:8      | Found a faded altar of an unknown god.
  8441 | D:8      | Found a shimmering blue altar of Sif Muna.
  8442 | D:8      | Found a blossoming altar of Fedhas.
  8690 | D:9      | Found a staircase to the Lair.
  8763 | D:9      | Noticed a four-headed hydra
  8895 | D:9      | Reached skill level 1 in Translocations
  8895 | D:9      | Reached skill level 1 in Evocations
  8999 | D:9      | Reached ** piety under Qazlal
  9169 | D:9      | Killed a four-headed hydra
  9169 | D:9      | Reached skill level 5 in Fighting
  9169 | D:9      | Reached skill level 5 in Dodging
  9483 | D:9      | Found a sparkling altar of Nemelex Xobeh.
  9574 | D:9      | Noticed a deep elf mage
  9581 | D:9      | Killed a deep elf mage
  9854 | D:9      | You fall into a shaft and drop 3 floors!
  9854 | D:12     | Found a stormy altar of Qazlal.
 10017 | D:12     | Noticed Maurice
 10027 | D:12     | Reached skill level 5 in Throwing
 10037 | D:12     | Killed Maurice
 10037 | D:12     | Reached XP level 11. HP: 60/88 MP: 19/19
 10059 | D:12     | Found a frozen archway.
 10086 | IceCv    | Entered an ice cave
 10198 | IceCv    | Reached *** piety under Qazlal
 10198 | IceCv    | Reached skill level 10 in Unarmed Combat
 11977 | IceCv    | Identified the +9 rapier of Joyful Slaughter {venom, rElec
                  | MR+}
 11977 | IceCv    | Noticed a necromancer
 11983 | IceCv    | Killed a necromancer
 12164 | D:12     | Reached skill level 5 in Ice Magic
 12165 | D:12     | Noticed an eight-headed hydra
 12174 | D:12     | Killed an eight-headed hydra
 12174 | D:12     | Reached skill level 1 in Long Blades
 12656 | D:12     | Reached **** piety under Qazlal
 12728 | D:10     | Entered Level 10 of the Dungeon
 12770 | D:10     | Reached skill level 11 in Unarmed Combat
 12949 | D:10     | Noticed Fannar
 13190 | D:9      | Identified the cursed +1 war axe of Evolution {vorpal,
                  | +Blink Int+3 Dex+5}
 13190 | D:9      | Noticed a centaur warrior
 13195 | D:9      | Killed a centaur warrior
 13195 | D:9      | Reached skill level 1 in Shields
 13195 | D:9      | Reached XP level 12. HP: 82/96 MP: 17/21
 13209 | D:9      | Reached skill level 5 in Translocations
 13542 | D:9      | Learned a level 7 spell: Summon Hydra
 13643 | D:10     | Noticed a fire dragon
 13736 | D:10     | Killed a fire dragon
 13736 | D:10     | Reached skill level 1 in Summonings
 13772 | D:10     | Noticed Snorg
 13780 | D:9      | Killed Fannar
 14105 | D:10     | Learned a level 2 spell: Sublimation of Blood
 14123 | D:10     | Noticed a catoblepas
 14152 | D:10     | HP: 4/97 [Snorg (3)]
 14629 | D:10     | HP: 3/116 [Snorg (10)]
 14630 | D:10     | Mangled by Snorg

Levels and vault maps discovered:
D:1:      psy_arrival_whirlpool, layout_loops_ring
D:2:      layout_rooms, marbit_many_paths
D:3:      layout_basic, minmay_misc_feat_pillars, uniq_natasha
D:4:      layout_cave_pods, lemuel_zombie_altar_kikubaaqudgha,
          gammafunk_temple_overflow_forgotten, serial_shops,
          nicolae_shop_behind_doors, serial_glass, glass_columns_c,
          glass_columns_a, glass_columns_c, glass_columns_c, glass_columns_b,
          glass_columns_a, hex_medium, minmay_bisected, uniq_robin,
          uniq_menkaure
D:5:      layout_loops_ring, grunt_temple_overflow_lords_of_destruction,
          elyvilon_altar_3, first_ration
D:6:      layout_cave_pools, serial_shops, kennysheep_little_box,
          kennysheep_generic_room_6, uniq_maggie
D:7:      layout_gridville, doesnt_xom_only_xom,
          minmay_temple_entry_statues_fountains, grunt_livestock,
          minmay_misc_feat_ornament, kennysheep_generic_room_8
D:8:      layout_basic, chequers_temple_overflow_minitemple, uniq_erica
D:9:      minmay_the_grid_octo_triangle [minmay_the_grid_octo_concentric,
          minmay_the_grid_octo_prize_square_snowflake,
          minmay_the_grid_octo_clover], layout_basic, nemelex_dance_club_becter
D:10:     minmay_curly_fans, layout_small_grid, feat_on_display, uniq_fannar,
          uniq_snorg
D:11:     layout_cross, david_orc_5, nicolae_elemental_shop
D:12:     layout_rooms, portal_ice_cave_entry_imps, grunt_qazlal_sundering,
          uniq_maurice
Temple:   nicolae_temple_figure_zero

Skill      XL: |  1  2  3  4  5  6  7  8  9 10 11 12 |
---------------+-------------------------------------+-----
Dodging        | 2 3 4 5 6 |  6.1
Fighting       | 2 3 4 5 6 |  6.5
Unarmed Combat | 4 5 6 7 8 9 11 | 11.2
Throwing       | 1 2 4 5 6 |  6.0
Spellcasting   | 3 4 5 6 |  6.5
Stealth        | 1 2 |  2.0
Transmutations | 3 4 5 6 |  6.8
Ice Magic      | 1 2 3 4 5 |  5.4
Invocations    | 2 4 |  4.6
Translocations | 3 4 5 |  5.3
Evocations     | 2 3 |  3.9
Long Blades    | 1 |  1.2
Shields        | 1 |  1.5
Summonings     | 2 |  2.0
Short Blades   | |  0.9
Poison Magic   | |  0.9

Action                   |  1- 3 |  4- 6 |  7- 9 | 10-12 || total
-------------------------+-------+-------+-------+-------++-------
Melee: Unarmed           |   153 |   141 |   436 |   533 ||  1263
       Tailslap          |    14 |    17 |    41 |    22 ||    94
       Headbutt          |     4 |     6 |    24 |    14 ||    48
       Kick              |     5 |     8 |    16 |    12 ||    41
       Punch             |     1 |     1 |     5 |     2 ||     9
       Short sword       |       |       |    28 |       ||    28
       Flail             |       |       |       |     7 ||     7
Throw: Javelin           |     2 |       |     7 |       ||     9
       Boomerang         |       |       |     7 |     5 ||    12
 Cast: Beastly Appendage |     7 |    13 |    31 |    22 ||    73
       Sticks to Snakes  |     1 |    14 |     2 |     2 ||    19
       Spider Form       |       |       |    12 |       ||    12
       Ice Form          |       |       |       |    33 ||    33
       Blade Hands       |       |       |       |     1 ||     1
Invok: Upheaval          |       |       |       |     7 ||     7
       Elemental Force   |       |       |       |     1 ||     1
 Abil: Breathe Lightning |       |       |     3 |     2 ||     5
Evoke: Wand              |       |       |       |    20 ||    20
  Use: Scroll            |     5 |     1 |    10 |     9 ||    25
       Potion            |       |     6 |    10 |     9 ||    25
 Stab: Sleeping          |     1 |     2 |     1 |       ||     4
       Invisible         |       |       |     4 |       ||     4
       Paralysed         |       |       |       |     2 ||     2
       Confused          |       |       |       |     2 ||     2
  Eat: Chunk             |     3 |     7 |    12 |    15 ||    37
       Ration            |       |       |     1 |     4 ||     5
Armor: Skin              |    42 |    44 |   140 |   120 ||   346
Dodge: Dodged            |    84 |    81 |   348 |   250 ||   763
Block: Other             |       |       |     3 |    64 ||    67
       Buckler           |       |       |       |    13 ||    13

Table legend:
 A = Non-vault XP
 B = Vault XP
 C = Vault XP percentage of total XP
 D = Non-vault monster count
 E = Vault monster count
 F = Vault count percentage of total count
                 A         B        C        D         E       F
            +---------+---------+-------+---------+---------+-------
      Total |   12202 |   15973 |  56.7 |     225 |      91 |  28.8
            +---------+---------+-------+---------+---------+-------
        D:1 |      28 |       0 |   0.0 |      16 |       0 |   0.0
        D:2 |      57 |       1 |   1.7 |      21 |       1 |   4.5
        D:3 |      88 |      34 |  27.9 |      18 |       1 |   5.3
        D:4 |     259 |     269 |  50.9 |      10 |      21 |  67.7
        D:5 |     404 |      50 |  11.0 |      25 |       1 |   3.8
        D:6 |     208 |     447 |  68.2 |       9 |       2 |  18.2
        D:7 |    1098 |     985 |  47.3 |      27 |       5 |  15.6
        D:8 |    1766 |     987 |  35.9 |      33 |       1 |   2.9
        D:9 |    2559 |    5180 |  66.9 |      24 |      17 |  41.5
       D:10 |    2368 |    1222 |  34.0 |      13 |       3 |  18.8
       D:11 |     306 |       0 |   0.0 |       3 |       0 |   0.0
       D:12 |    3061 |     615 |  16.7 |      26 |      13 |  33.3
      IceCv |       0 |    6183 | 100.0 |       0 |      26 | 100.0
            +---------+---------+-------+---------+---------+-------
